Map: Dusk Towers

Players

Montgomery

  • Race: Zerg Zerg

TTS - Winner!

  • Race: Protoss Protoss
  • League: Platinum

VOD

Have the link to the VOD?

Description

Time

  • Played on: Feb. 23, 2016, 11:24 p.m.
  • Length: 7:20
Show
View Real Time Build Order
Export as new Build Order

Montgomery Zerg 

Build Orders: Hatch First 

Get SALT Encoding   

  12  0:01  Drone  
  13  0:13  Overlord  
  13  0:18  Drone  
  14  0:32  Drone x2  
  14  0:35  Drone  
  17  0:58  Hatchery  
  17  1:00  Drone  
  17  1:13  Spawning Pool  
  17  1:16  Extractor  
  17  1:18  Drone  
  16  1:21  Drone  
  16  1:25  Drone  
  18  1:30  Drone  
  19  1:39  Overlord  
  21  2:05  Overlord  
  19  2:10  Queen  
  19  2:11  Drone  
  22  2:17  Metabolic Boost  
  22  2:19  Zergling x4  
  22  2:21  Drone  
  25  2:24  Spine Crawler  
  25  2:29  Zergling x2  
  25  2:32  Drone  
  26  2:37  Spine Crawler  
  26  2:43  Drone  
  26  2:46  Spine Crawler  
  25  2:57  Drone  
  26  3:00  Spine Crawler  
  26  3:03  Queen  
  26  3:05  Zergling x2  
  28  3:15  Spore Crawler  
  27  3:33  Zergling x6  
  27  3:45  Zergling x2  
  27  3:46  Zergling x4  
  19  4:11  Zergling x2  
  19  4:12  Zergling x2  
  14  4:27  Zergling x6  
  11  4:36  Queen  
  13  4:39  Drone x3  
  14  5:12  Drone  
  10  5:43  Zergling x6  
  13  5:58  Zergling x2  
  14  6:18  Drone  
  9  6:41  Zergling x2  
Show
View Real Time Build Order
Export as new Build Order

TTS Protoss - Winner!

Build Orders:  

Get SALT Encoding   

  12  0:01  Probe (Chrono Boost)  
  13  0:11  Probe (Chrono Boost)  
  14  0:22  Probe (Chrono Boost)  
  15  0:42  Pylon  
  15  1:02  Gateway  
  15  1:04  Gateway, Probe (Chrono Boost)  
  15  1:06  Gateway  
  15  1:10  Pylon  
  16  1:15  Probe (Chrono Boost)  
  17  1:25  Probe (Chrono Boost), Assimilator  
  18  1:36  Probe (Chrono Boost)  
  19  1:47  Probe (Chrono Boost)  
  20  1:49  Cybernetics Core  
  24  1:54  Zealot (Chrono Boost)  
  24  1:56  Zealot (Chrono Boost)  
  24  1:59  Zealot (Chrono Boost)  
  26  2:11  Pylon  
  26  2:27  Probe  
  31  2:39  Probe, Adept x2 (Chrono Boost)  
  31  2:43  Pylon  
  32  2:45  Adept (Chrono Boost)  
  32  2:47  Assimilator  
  34  2:56  Probe  
  35  3:06  Warp Gate (Chrono Boost)  
  35  3:16  Gateway  
  35  3:19  Adept (Chrono Boost)  
  41  3:21  Adept x2 (Chrono Boost)  
  41  3:30  Mothership Core (Chrono Boost)  
  41  3:34  Pylon  
  43  3:44  Adept  
  43  3:45  Pylon  
  42  4:09  Mothership Core (Chrono Boost)  
  40  4:15  Pylon  
  29  4:31  Pylon  
  13  4:38  Probe  
  14  4:51  Probe  
  15  5:03  Probe  
  15  5:06  Adept x3  
  22  5:23  Probe  
  15  5:36  Adept  
  17  5:45  Zealot  
  19  5:51  Probe  
  20  6:03  Probe  
  21  6:15  Probe  
  18  6:31  Zealot  
  16  6:33  Probe (Chrono Boost)  
  17  6:45  Probe (Chrono Boost)  
  18  6:56  Probe (Chrono Boost)  
  19  7:06  Probe (Chrono Boost)  
  19  7:11  Stalker  
Tags
 
Add a new tag
Caveats
  • Supply blocks, unpowered buildings, or Contaminate may cause inaccurate times.
  • Supply counts are checked every 10 seconds.